PAAA
PLYMOUTH ROCKS @ FLORIDA MEN
05/19/2025
 
TOP OF THE 1ST
Plymouth Rocks batting - Pitching for Florida Men : RHP Jeff Krause
Pitching: RHP Jeff Krause
Batting: SHB Will Brock 0-0: Foul Ball, location: 2F
0-1: Foul Ball, location: 2F
0-2: Ball
1-2: Ball
2-2: SINGLE (Line Drive, 7S)
Batting: RHB Andrew Weeks 0-0: Foul Ball, location: 2F
0-1: Ball
1-1: Ball
2-1: Foul Ball, location: 2F
2-2: SINGLE (Groundball, 6MD)
Will Brock to second
Batting: RHB Augusto Rocha 0-0: Called Strike
0-1: Ball
1-1: Foul Ball, location: 2F
1-2: Ball
2-2: Ball
3-2: Base on Balls
Will Brock to third
Andrew Weeks to second
Batting: LHB Carlos Álvarez 0-0: Ball
1-0: Swinging Strike
1-1: Ball
2-1: Foul Ball, location: 2F
2-2: Fly out, F8 (Flyball, 8LM)
Runner from 3rd tags up, SCORES, throw made
Batting: RHB Orlando Sánchez 0-0: Ball
1-0: Foul Ball, location: 2F
1-1: Foul Ball, location: 2F
1-2: Ball
2-2: Ball
3-2: Base on Balls
Andrew Weeks to third
Augusto Rocha to second
Batting: LHB Willis Baker 0-0: Ball
1-0: Called Strike
1-1: SINGLE (Line Drive, 89S)
Andrew Weeks scores
Augusto Rocha to third
Orlando Sánchez to second
Batting: RHB Sang-yeon Kim 0-0: Called Strike
0-1: Ball
1-1: Ball
2-1: Called Strike
2-2: SINGLE (Line Drive, 7S)
Augusto Rocha scores
Orlando Sánchez to third
Willis Baker to second
Batting: RHB Hubert Dodson 0-0: Ball
1-0: Grounds into double play, 5-4-3 (Groundball, 5)
Top of the 1st over - 3 run(s), 4 hit(s), 0 error(s), 2 left on base; Plymouth 3 - Florida 0
BOTTOM OF THE 1ST
Florida Men batting - Pitching for Plymouth Rocks : LHP Júlio Hernández
Pitching: LHP Júlio Hernández
Batting: RHB Gilberto Patino 0-0: Ball
1-0: SINGLE (Groundball, 6D)
Batting: RHB Jim Unknown 0-0: Called Strike
0-1: Ball
1-1: Ball
2-1: Reached on error, E1 (Groundball, 13)
Gilberto Patino to second
Batting: SHB Luis Gutiérrez 0-0: Called Strike
0-1: Ball
1-1: SINGLE (Groundball, 4MD)
Gilberto Patino to third
Jim Unknown to second
Runner from 3rd tries for Home, SAFE, throw made home
Jim Unknown to third
Luis Gutiérrez to second
Batting: LHB Bastyão Lizardo 0-0: Called Strike
0-1: Ball
1-1: Hit by Pitch
Batting: RHB Raúl Ruíz 0-0: Fly out, F9 (Flyball, 9S)
Batting: RHB Jim Unknown 0-0: Grounds into double play, 5-4-3 (Groundball, 56)
Bottom of the 1st over - 1 run(s), 2 hit(s), 1 error(s), 2 left on base; Plymouth 3 - Florida 1
TOP OF THE 2ND
Plymouth Rocks batting - Pitching for Florida Men : RHP Jeff Krause
Batting: SHB Bill Becker 0-0: Swinging Strike
0-1: Ground out U3 (Groundball, 34)
Batting: SHB Will Brock 0-0: Foul Ball, location: 2F
0-1: Ball
1-1: Called Strike
1-2: Ball
2-2: Ball
3-2: Base on Balls
Batting: RHB Andrew Weeks 0-0: Ball
1-0: Foul Ball, location: 2F
1-1: Ball
Throwing error on steal attempt, E2
Will Brock to third
2-1: Ball
3-1: Swinging Strike
3-2: SINGLE (Flyball, 9S)
Will Brock scores
Batting: RHB Augusto Rocha 0-0: Foul Ball, location: 2F
0-1: Grounds into double play, 5-4-3 (Groundball, 56)
Top of the 2nd over - 1 run(s), 1 hit(s), 1 error(s), 0 left on base; Plymouth 4 - Florida 1
BOTTOM OF THE 2ND
Florida Men batting - Pitching for Plymouth Rocks : LHP Júlio Hernández
Batting: SHB Jim Unknown 0-0: Ball
1-0: Ball
2-0: Ball
3-0: Base on Balls
Batting: RHB Jim Unknown 0-0: Ball
1-0: Ball
2-0: Ball
3-0: Called Strike
3-1: SINGLE (Line Drive, 7)
Jim Unknown to second
Batting: RHB Al Thomas 0-0: Called Strike
0-1: Ball
1-1: Swinging Strike
1-2: Foul Ball, location: 2F
1-2: Foul Ball, location: 2F
1-2: Ball
2-2: Foul Ball, location: 2F
2-2: DOUBLE (Line Drive, 7LS)
Jim Unknown scores
Jim Unknown to third
Batting: RHB Gilberto Patino 0-0: Ball
1-0: Called Strike
1-1: Called Strike
1-2: Ground out 4-3 (Groundball, 4)
Jim Unknown scores
Al Thomas to third
Batting: RHB Jim Unknown 0-0: Ball
1-0: Called Strike
1-1: Fly out, F8 (Flyball, 8LM)
Runner from 3rd tags up, SCORES, throw made
Batting: SHB Luis Gutiérrez 0-0: Ball
1-0: Called Strike
1-1: Ball
2-1: Foul Ball, location: 2F
2-2: Fly out, F2 (Popup, 25)
Bottom of the 2nd over - 3 run(s), 2 hit(s), 0 error(s), 0 left on base; Plymouth 4 - Florida 4
TOP OF THE 3RD
Plymouth Rocks batting - Pitching for Florida Men : RHP Jeff Krause
Batting: LHB Carlos Álvarez 0-0: Swinging Strike
0-1: Ball
1-1: Ball
2-1: Foul Ball, location: 2F
2-2: Ball
3-2: SINGLE (Groundball, 34D)
Batting: RHB Orlando Sánchez 0-0: Called Strike
0-1: Ball
1-1: Called Strike
1-2: Foul Ball, location: 2F
1-2: Grounds into double play, 6-4-3 (Groundball, 6)
Batting: LHB Willis Baker 0-0: Ball
1-0: Ball
2-0: Foul Ball, location: 2F
2-1: Foul Ball, location: 2F
2-2: Ground out 4-3 (Groundball, 4)
Top of the 3rd over - 0 run(s), 1 hit(s), 0 error(s), 0 left on base; Plymouth 4 - Florida 4
BOTTOM OF THE 3RD
Florida Men batting - Pitching for Plymouth Rocks : LHP Júlio Hernández
Batting: LHB Bastyão Lizardo 0-0: Ball
1-0: Ball
2-0: SINGLE (Flyball, 7S)
Batting: RHB Raúl Ruíz 0-0: Foul Ball, location: 2F
0-1: Swinging Strike
0-2: Ball
1-2: Foul Ball, location: 2F
1-2: Grounds into double play, 6-4-3 (Groundball, 6)
Batting: RHB Jim Unknown 0-0: Called Strike
0-1: Ball
1-1: Ball
2-1: Called Strike
2-2: Ground out 6-3 (Groundball, 6)
Bottom of the 3rd over - 0 run(s), 1 hit(s), 0 error(s), 0 left on base; Plymouth 4 - Florida 4
TOP OF THE 4TH
Plymouth Rocks batting - Pitching for Florida Men : RHP Jeff Krause
Batting: RHB Sang-yeon Kim 0-0: Ball
1-0: Ball
2-0: Foul Ball, location: 2F
2-1: Ground out 4-3 (Groundball, 4)
Batting: RHB Hubert Dodson 0-0: Foul Ball, location: 2F
0-1: Ground out 5-3 (Groundball, 56)
Batting: SHB Bill Becker 0-0: SINGLE (Groundball, 4MD)
Batting: SHB Will Brock 0-0: Ball
1-0: Ball
2-0: Ball
3-0: Base on Balls
Bill Becker to second
Batting: RHB Andrew Weeks 0-0: Swinging Strike
0-1: Ball
1-1: Ground out U3 (Groundball, 34)
Top of the 4th over - 0 run(s), 1 hit(s), 0 error(s), 2 left on base; Plymouth 4 - Florida 4
BOTTOM OF THE 4TH
Florida Men batting - Pitching for Plymouth Rocks : LHP Júlio Hernández
Batting: SHB Jim Unknown 0-0: Fly out, F5 (Popup, 56S)
Batting: RHB Jim Unknown 0-0: Swinging Strike
0-1: Ball
1-1: SINGLE (Groundball, 56S) (infield hit)
Batting: RHB Al Thomas 0-0: Foul Ball, location: 2F
0-1: Ball
1-1: Foul Ball, location: 2F
1-2: Ball
2-2: Ball
3-2: Base on Balls
Jim Unknown to second
Batting: RHB Gilberto Patino 0-0: Ball
1-0: Ball
2-0: DOUBLE (Flyball, 78D)
Jim Unknown scores
Al Thomas to third
Batting: RHB Jim Unknown 0-0: SINGLE (Groundball, 6MD)
Al Thomas scores
Gilberto Patino to third
Batting: SHB Luis Gutiérrez 0-0: Ball
1-0: Foul Ball, location: 2F
1-1: Ball
2-1: Grounds into double play, 6-4-3 (Groundball, 6)
Bottom of the 4th over - 2 run(s), 3 hit(s), 0 error(s), 1 left on base; Plymouth 4 - Florida 6
TOP OF THE 5TH
Plymouth Rocks batting - Pitching for Florida Men : RHP Jeff Krause
Batting: RHB Augusto Rocha 0-0: Foul Ball, location: 2F
0-1: Ground out 5-3 (Groundball, 56)
Batting: LHB Carlos Álvarez 0-0: Foul Ball, location: 2F
0-1: Swinging Strike
0-2: Foul Ball, location: 2F
0-2: Ball
1-2: Ball
2-2: Ball
3-2: Foul Ball, location: 2F
3-2: Ground out U3 (Groundball, 3L)
Batting: RHB Orlando Sánchez 0-0: Swinging Strike
0-1: Ball
1-1: Foul Ball, location: 2F
1-2: Ground out 6-3 (Groundball, 6)
Top of the 5th over - 0 run(s), 0 hit(s), 0 error(s), 0 left on base; Plymouth 4 - Florida 6
BOTTOM OF THE 5TH
Florida Men batting - Pitching for Plymouth Rocks : LHP Júlio Hernández
Batting: LHB Bastyão Lizardo 0-0: Swinging Strike
0-1: Ball
1-1: Foul Ball, location: 2F
1-2: Foul Ball, location: 2F
1-2: Strikes out looking
Batting: RHB Raúl Ruíz 0-0: Called Strike
0-1: Ball
1-1: Swinging Strike
1-2: Ground out 6-3 (Groundball, 6)
Batting: RHB Jim Unknown 0-0: Reached on error, E6 (Groundball, 6)
Batting: SHB Jim Unknown 0-0: Ball
1-0: Fly out, F9 (Flyball, 9LS)
Bottom of the 5th over - 0 run(s), 0 hit(s), 1 error(s), 1 left on base; Plymouth 4 - Florida 6
TOP OF THE 6TH
Plymouth Rocks batting - Pitching for Florida Men : RHP Jeff Krause
Batting: LHB Willis Baker 0-0: Foul Ball, location: 2F
0-1: Ball
1-1: DOUBLE (Line Drive, 78D)
Batting: RHB Sang-yeon Kim 0-0: Ball
1-0: Ground out 4-3 (Groundball, 4)
Willis Baker to third
Batting: RHB Hubert Dodson 0-0: SINGLE (Line Drive, 6MD)
Willis Baker scores
Batting: SHB Bill Becker 0-0: Ball
1-0: Fly out, F4 (Popup, 4D)
Batting: SHB Will Brock 0-0: Ball
1-0: Ball
2-0: Foul Ball, location: 2F
2-1: Ball
3-1: Called Strike
3-2: Base on Balls
Hubert Dodson to second
Pitching: LHP José Ybarra
Batting: RHB Andrew Weeks 0-0: Foul Ball, location: 2F
0-1: Ball
1-1: Ground out 4-3 (Groundball, 4M)
Top of the 6th over - 1 run(s), 2 hit(s), 0 error(s), 2 left on base; Plymouth 5 - Florida 6
BOTTOM OF THE 6TH
Florida Men batting - Pitching for Plymouth Rocks : LHP Júlio Hernández
Batting: RHB Jim Unknown 0-0: Foul Ball, location: 2F
0-1: Called Strike
0-2: Ball
1-2: Ground out 4-3 (Groundball, 4)
Batting: RHB Al Thomas 0-0: Called Strike
0-1: Foul Ball, location: 2F
0-2: Fly out, F9 (Flyball, 9S)
Batting: RHB Gilberto Patino 0-0: Hit by Pitch
Batting: RHB Jim Unknown 0-0: SINGLE (Line Drive, 9LS)
Gilberto Patino to second
Batting: SHB Luis Gutiérrez 0-0: Ball
1-0: DOUBLE (Groundball, 5L)
Gilberto Patino scores
Jim Unknown to third
Pitching: LHP Orlando Martínez
Batting: LHB Bastyão Lizardo 0-0: Ground out 5-3 (Groundball, 2L)
Bottom of the 6th over - 1 run(s), 2 hit(s), 0 error(s), 2 left on base; Plymouth 5 - Florida 7
TOP OF THE 7TH
Plymouth Rocks batting - Pitching for Florida Men : LHP José Ybarra
Batting: RHB Augusto Rocha 0-0: Ball
1-0: Foul Ball, location: 2F
1-1: Foul Ball, location: 2F
1-2: Ball
2-2: Foul Ball, location: 2F
2-2: Ball
3-2: Base on Balls
Batting: LHB Carlos Álvarez 0-0: TRIPLE (Line Drive, 89M)
Augusto Rocha scores
Batting: RHB Orlando Sánchez 0-0: Swinging Strike
0-1: Ball
1-1: Ball
2-1: Foul Ball, location: 2F
2-2: Foul Ball, location: 2F
2-2: Foul Ball, location: 2F
2-2: Strikes out swinging
Batting: LHB Willis Baker 0-0: Ball
1-0: Fly out, F9 (Flyball, 9LSF)
Runner from 3rd tags up, SCORES, no throw
Batting: RHB Sang-yeon Kim 0-0: Foul Ball, location: 2F
0-1: SINGLE (Groundball, 5D)
Batting: RHB Hubert Dodson 0-0: Ball
1-0: Ball
2-0: Ball
3-0: Called Strike
3-1: Swinging Strike
3-2: Fly out, F7 (Flyball, 7S)
Top of the 7th over - 2 run(s), 2 hit(s), 0 error(s), 1 left on base; Plymouth 7 - Florida 7
BOTTOM OF THE 7TH
Florida Men batting - Pitching for Plymouth Rocks : LHP Orlando Martínez
Batting: RHB Raúl Ruíz 0-0: Swinging Strike
0-1: Ball
1-1: SINGLE (Flyball, 9LS)
Batting: RHB Jim Unknown 0-0: Sac Bunt - play at first, batter OUT! 5-3
Raúl Ruíz to second
Batting: SHB Jim Unknown 0-0: Ball
1-0: Fly out, F8 (Line Drive, 8LM)
Batting: RHB Jim Unknown 0-0: SINGLE (Groundball, 4D)
Raúl Ruíz to third
Runner from 3rd tries for Home, SAFE, no throw
Batting: RHB Al Thomas 0-0: Ball
1-0: Ball
2-0: Ball
3-0: Called Strike
3-1: Base on Balls
Jim Unknown to second
Batting: RHB Gilberto Patino 0-0: Ball
Wild Pitch!
Jim Unknown to third
Al Thomas to second
1-0: SINGLE (Line Drive, 89S)
Jim Unknown scores
Al Thomas to third
Runner from 3rd tries for Home, SAFE, no throw
Pitching: RHP Kelly Hyde
Batting: RHB Jim Unknown 0-0: Ball
1-0: Foul Ball, location: 2F
1-1: Ball
2-1: Foul Ball, location: 2F
2-2: Foul Ball, location: 2F
2-2: Ball
3-2: Fly out, F8 (Line Drive, 8LM)
Bottom of the 7th over - 3 run(s), 3 hit(s), 0 error(s), 1 left on base; Plymouth 7 - Florida 10
TOP OF THE 8TH
Plymouth Rocks batting - Pitching for Florida Men : LHP José Ybarra
Batting: SHB Bill Becker 0-0: Ball
1-0: Ball
2-0: Swinging Strike
2-1: Ball
3-1: Base on Balls
Pitching: RHP Pat Pérez
Batting: SHB Will Brock 0-0: Called Strike
0-1: Ball
1-1: Ball
2-1: Swinging Strike
2-2: Foul Ball, location: 2F
2-2: Foul Ball, location: 2F
2-2: Strikes out swinging
Batting: RHB Andrew Weeks 0-0: Called Strike
0-1: Swinging Strike
0-2: Ball
1-2: Ball
2-2: Strikes out swinging
Batting: RHB Augusto Rocha 0-0: Ball
1-0: Swinging Strike
1-1: Ball
2-1: Ball
3-1: Base on Balls
Bill Becker to second
Batting: LHB Carlos Álvarez 0-0: Ball
Wild Pitch!
Bill Becker to third
Augusto Rocha to second
1-0: SINGLE (Line Drive, 89S)
Bill Becker scores
Augusto Rocha to third
Batting: RHB Orlando Sánchez 0-0: Ball
1-0: Fly out, F8 (Flyball, 8LS)
Top of the 8th over - 1 run(s), 1 hit(s), 0 error(s), 2 left on base; Plymouth 8 - Florida 10
BOTTOM OF THE 8TH
Florida Men batting - Pitching for Plymouth Rocks : RHP Kelly Hyde
Batting: SHB Luis Gutiérrez 0-0: Called Strike
0-1: Foul Ball, location: 2F
0-2: Ball
1-2: Strikes out swinging
Batting: LHB Bastyão Lizardo 0-0: Ball
1-0: Fly out, F8 (Flyball, 8RM)
Batting: RHB Raúl Ruíz 0-0: Ball
1-0: SOLO HOME RUN (Flyball, 8RXD), Distance : 436 ft
Batting: RHB Jim Unknown 0-0: Fly out, F8 (Flyball, 8RM)
Bottom of the 8th over - 1 run(s), 1 hit(s), 0 error(s), 0 left on base; Plymouth 8 - Florida 11
TOP OF THE 9TH
Plymouth Rocks batting - Pitching for Florida Men : RHP Pat Pérez
Pitching: RHP Pedro Núñez
Batting: LHB Willis Baker 0-0: Foul Ball, location: 2F
0-1: Called Strike
0-2: Ground out 4-3 (Groundball, 4)
Batting: RHB Sang-yeon Kim 0-0: Ball
1-0: Ball
2-0: Ground out 6-3 (Groundball, 6)
Batting: RHB Hubert Dodson 0-0: Ball
1-0: Called Strike
1-1: Fly out, F7 (Line Drive, 7)
Top of the 9th over - 0 run(s), 0 hit(s), 0 error(s), 0 left on base; Plymouth 8 - Florida 11
Friday, December 30th, 2016 - OOTP Baseball 17.12 Build 75